Map: Bridgehead LE (Void)

Players

Tauri

  • Race: Protoss Protoss
  • League: Gold

Duff - Winner!

  • Race: Protoss Protoss
  • League: Gold

VOD

Have the link to the VOD?

Description

Time

  • Played on: Sept. 9, 2015, 5:57 p.m.
  • Length: 10:03
Show
View Real Time Build Order
Export as new Build Order

Tauri Protoss 

Build Orders: Zealot Archon, Dark Templar Rush 

Get SALT Encoding   

  12  0:00  Probe (Chrono Boost)  
  13  0:11  Probe (Chrono Boost)  
  14  0:18  Pylon  
  14  0:24  Probe (Chrono Boost)  
  15  0:36  Probe (Chrono Boost)  
  16  0:42  Gateway  
  16  0:46  Probe (Chrono Boost)  
  17  0:52  Assimilator  
  17  0:59  Probe (Chrono Boost)  
  17  1:03  Assimilator  
  18  1:09  Probe (Chrono Boost)  
  19  1:19  Probe (Chrono Boost)  
  20  1:29  Probe (Chrono Boost)  
  21  1:37  Cybernetics Core  
  21  1:38  Pylon  
  21  1:39  Zealot  
  23  1:49  Pylon  
  23  1:56  Probe (Chrono Boost)  
  24  2:06  Probe (Chrono Boost)  
  25  2:13  Warp Gate  
  25  2:19  Twilight Council  
  27  2:24  Mothership Core (Chrono Boost)  
  27  2:35  Stalker  
  29  2:53  Nexus  
  29  3:03  Dark Shrine  
  29  3:16  Pylon  
  29  3:17  Probe (Chrono Boost)  
  32  3:20  Zealot  
  32  3:27  Probe (Chrono Boost)  
  33  3:39  Gateway  
  33  3:45  Gateway  
  33  3:54  Gateway  
  33  3:56  Probe (Chrono Boost)  
  34  4:06  Probe (Chrono Boost)  
  35  4:13  Probe (Chrono Boost)  
  36  4:20  Pylon  
  36  4:21  Probe (Chrono Boost)  
  37  4:34  Dark Templar x2  
  37  4:36  Probe x2 (Chrono Boost)  
  43  4:44  Dark Templar  
  45  4:47  Gateway  
  45  4:54  Dark Templar  
  47  5:02  Probe (Chrono Boost)  
  47  5:03  Robotics Facility  
  47  5:04  Probe (Chrono Boost)  
  49  5:13  Probe (Chrono Boost)  
  50  5:15  Probe (Chrono Boost)  
  50  5:17  Pylon  
  51  5:23  Probe (Chrono Boost)  
  51  5:25  Probe (Chrono Boost)  
  53  5:41  Probe (Chrono Boost)  
  53  5:43  Probe  
  53  5:47  Sentry x2  
  53  5:48  Stalker  
  53  5:49  Stalker  
  63  5:51  Stalker, Probe  
  63  5:55  Probe  
  65  6:04  Probe, Archon  
  65  6:07  Probe  
  65  6:10  Assimilator  
  67  6:13  Assimilator  
  67  6:15  Observer  
  67  6:16  Pylon  
  67  6:18  Pylon  
  68  6:19  Dark Templar, Zealot x2  
  68  6:20  Zealot x2  
  50  6:52  Dark Templar  
  52  7:05  Zealot x3  
  52  7:06  Zealot  
  58  7:10  Pylon  
  58  7:11  Immortal (Chrono Boost), Probe  
  58  7:12  Pylon  
  63  7:18  Gateway  
  63  7:19  Gateway  
  63  7:22  Gateway  
  63  7:36  Zealot x5  
  61  7:56  Zealot  
  28  8:26  Zealot x4  
Show
View Real Time Build Order
Export as new Build Order

Duff Protoss - Winner!

Build Orders:  

Get SALT Encoding   

  12  0:00  Probe (Chrono Boost)  
  13  0:10  Probe (Chrono Boost)  
  14  0:18  Pylon  
  14  0:21  Probe (Chrono Boost)  
  15  0:36  Probe (Chrono Boost)  
  15  0:40  Gateway  
  16  0:46  Probe (Chrono Boost)  
  16  0:48  Assimilator  
  17  0:52  Assimilator  
  17  0:56  Probe (Chrono Boost)  
  18  1:06  Probe (Chrono Boost)  
  19  1:19  Probe (Chrono Boost)  
  19  1:29  Cybernetics Core, Probe (Chrono Boost)  
  20  1:39  Probe (Chrono Boost)  
  21  1:49  Probe (Chrono Boost)  
  22  1:59  Probe (Chrono Boost), Nexus  
  23  2:03  Pylon  
  23  2:21  Probe (Chrono Boost), Adept  
  26  2:29  Pylon  
  26  2:31  Mothership Core (Chrono Boost)  
  26  2:35  Warp Gate  
  28  2:48  Robotics Facility  
  28  2:49  Probe (Chrono Boost)  
  29  2:59  Probe (Chrono Boost)  
  29  3:04  Sentry  
  32  3:09  Probe (Chrono Boost)  
  32  3:11  Probe (Chrono Boost)  
  34  3:19  Probe (Chrono Boost), Assimilator  
  34  3:21  Probe (Chrono Boost)  
  34  3:25  Pylon  
  36  3:30  Probe (Chrono Boost)  
  36  3:31  Probe (Chrono Boost)  
  36  3:32  Pylon  
  38  3:38  Observer  
  38  3:40  Forge  
  39  3:43  Adept  
  39  3:46  Probe (Chrono Boost)  
  42  3:54  Gateway  
  42  3:58  Probe (Chrono Boost), Gateway  
  42  4:01  Probe (Chrono Boost)  
  44  4:11  Protoss Ground Weapons Level 1 (Chrono Boost)  
  44  4:12  Immortal  
  48  4:18  Probe x2  
  50  4:28  Gateway  
  50  4:36  Twilight Council  
  50  4:40  Probe  
  50  4:42  Probe, Gateway  
  52  4:51  Probe  
  52  4:53  Gateway  
  52  4:57  Warp Prism  
  52  4:59  Sentry  
  57  5:03  Adept  
  59  5:07  Adept  
  61  5:19  Pylon  
  61  5:21  Pylon  
  61  5:24  Adept, Pylon  
  63  5:36  Adept  
  63  5:37  Adept x2  
  63  5:41  Pylon  
  69  5:47  Adept, Photon Cannon  
  71  5:51  Protoss Ground Armor Level 1 (Chrono Boost)  
  71  5:56  Observer, Shield Upgrade  
  70  6:06  Stalker  
  70  6:07  Adept x3  
  78  6:14  Gateway  
  76  6:29  Adept x2  
  76  6:30  Adept x3  
  76  6:31  Adept  
  74  6:56  Adept x3  
  74  6:57  Adept  
  74  6:59  Stalker x2  
  86  7:15  Adept  
  88  7:19  Adept x2  
  88  7:20  Adept x2  
  96  7:35  Zealot  
  96  7:36  Zealot x2  
  96  7:51  Adept x4  
  96  8:04  Adept x3  
  90  8:25  Adept  
  92  8:30  Stalker x2  
  92  8:31  Stalker  
  96  8:34  Stalker x3  
  96  8:52  Stalker  
  98  9:08  Stalker x2  
  102  9:17  Pylon  
  102  9:19  Pylon x2  
  102  9:22  Pylon x2  
  102  9:28  Pylon  
  102  9:29  Pylon  
  102  9:30  Pylon  
  102  9:34  Pylon  
  102  9:39  Adept  
  102  9:40  Adept x3  
  102  9:41  Adept x3  
Tags
 
Add a new tag
Caveats
  • Supply blocks, unpowered buildings, or Contaminate may cause inaccurate times.
  • Supply counts are checked every 10 seconds.